 Dungeon Crawl Stone Soup version 0.20.1-1-g8b1a95d (webtiles) character file.

13874 torrenera the Carver (level 11, 0/93 HPs)
             Began as a Demonspawn Fighter on Aug 28, 2017.
             Was an Elder of Makhleb.
             Slain by a yak (13 damage)
             ... on level 1 of the Lair of Beasts.
             The game lasted 00:36:23 (12021 turns).

torrenera the Carver (Demonspawn Fighter)          Turns: 12021, Time: 00:36:23

Health: 0/93       AC: 20    Str: 23    XL:     11   Next: 81%
Magic:  27/27      EV:  7    Int:  9    God:    Makhleb [****..]
Gold:   350        SH:  9    Dex: 13    Spells: 10/10 levels left

rFire    . . .     SeeInvis .   B - +0 scimitar
rCold    . . .     Gourm    .   c - +0 shield
rNeg     . . .     Faith    +   b - +4 scale mail
rPois    .         Spirit   .   V - +0 helmet
rElec    .         Reflect  .   U - +2 cloak
rCorr    .         Harm     .   K - +0 pair of gloves
MR       .....                  (boots unavailable)
Stlth    ..........             E - amulet of faith
Regen    0.3/turn               Q - +3 ring of strength
MPRegen  0.2/turn               P - ring of magical power

@: no status effects
A: talons 3, iridescent scales 2, demonic guardian 1
a: Minor Destruction, Lesser Servant of Makhleb, Major Destruction, Renounce
Religion


You were on level 1 of the Lair of Beasts.
You worshipped Makhleb.
Makhleb was greatly pleased with you.
You were not hungry.

You visited 2 branches of the dungeon, and saw 13 of its levels.
You also visited: Ossuary.

You collected 542 gold pieces.
You spent 192 gold pieces at shops.

Inventory:

Hand Weapons
 s - a +0 dagger of electrocution
 B - a +0 scimitar (weapon)
 F - a +0 blowgun
Missiles
 G - 81 poisoned needles
 S - 4 javelins (quivered)
Armour
 b - a +4 scale mail (worn)
 c - a +0 shield (worn)
 q - a +0 ring mail of cold resistance
 K - a +0 pair of gloves (worn)
 U - a +2 cloak (worn)
 V - a +0 helmet (worn)
Magical Staves
 v - an uncursed staff of cold {unknown}
 H - a cursed staff of death {unknown}
Jewellery
 o - an uncursed ring of fire
 C - an uncursed amulet of rage
 E - an amulet of faith (around neck)
 P - a ring of magical power (right hand)
 Q - a +3 ring of strength (left hand)
Wands
 u - a wand of flame (29/48)
 T - a wand of iceblast (4/15)
 W - a wand of polymorph (9/24)
Scrolls
 h - 4 scrolls of fear
 k - 3 scrolls of amnesia {unknown}
 m - 3 scrolls of recharging {unknown}
 n - 2 scrolls of random uselessness {unknown}
 r - 5 scrolls of remove curse
 t - 3 scrolls of teleportation
 w - 2 scrolls of fog
 y - a scroll of magic mapping {unknown}
 D - 2 scrolls of blinking {unknown}
 J - 2 scrolls of enchant weapon {unknown}
 L - a scroll of identify
 O - 3 scrolls of enchant armour {unknown}
Potions
 d - 4 potions of might
 e - 2 potions of mutation
 g - a potion of flight {unknown}
 j - 3 potions of berserk rage
 p - a potion of curing
 x - 3 potions of heal wounds
 z - a potion of agility {unknown}
 A - a potion of brilliance
 M - a potion of lignification
 R - 3 potions of haste {unknown}
Books
 a - a book of Maledictions

   Spells                             Type                      Level
   a - Corona                         Hexes                        1
   b - Ensorcelled Hibernation        Hexes/Ice                    2
   c - Confuse                        Hexes                        3
   d - Tukima's Dance                 Hexes                        3
   e - Dazzling Spray                 Conjuration/Hexes            3
 Z - a book of Air

   Spells                             Type                      Level
   a - Shock                          Conjuration/Air              1
   b - Swiftness                      Charms/Air                   2
   c - Static Discharge               Conjuration/Air              3
   d - Airstrike                      Air                          4
   e - Lightning Bolt                 Conjuration/Air              5
Comestibles
 f - 8 bread rations
 i - 9 chunks of flesh
 l - 10 royal jellies
 I - 8 meat rations
 N - 9 fruits


   Skills:
 - Level 11.0 Fighting
 + Level 12.4 Long Blades
 + Level 3.8 Armour
 - Level 2.6 Shields
 - Level 10.1 Invocations


You had 10 spell levels left.
You didn't know any spells.

Dungeon Overview and Level Annotations

Branches:
Dungeon (12/15)            Temple (0/1) D:4            Lair (1/6) D:11
    Orc: D:9-12

Altars:
Ashenzari
Gozag
Makhleb
Qazlal
Ru
Trog
Uskayaw
Vehumet
Yredelemnul

Shops:
D:7 *


Innate Abilities, Weirdness & Mutations

You have claws for feet.
You are mostly covered in iridescent scales. (AC +4)
A weak demonic guardian rushes to your aid.


Message History

Your iron imp hits the yak but does no damage.
The yak gores you but does no damage.
You barely miss the yak. You claw the yak.
The yak is severely wounded.
The yak gores you!
* * * LOW HITPOINT WARNING * * *
Your iron imp hits the yak!
The yak gores you but does no damage.
Your iron imp barely misses the yak.
The yak gores your iron imp. The yak gores your iron imp!
Your iron imp hits the yak.
The yak gores your iron imp!
Your iron imp dies!
Your iron imp hits the yak.
A demon appears!
The yak barely misses your iron imp.
Your shield prevents you from hitting the yak.
The yak is severely wounded.
Your iron imp hits the yak.
You barely miss the yak. You claw the yak.
The yak is severely wounded.
The yak gores you!
You die...

#.........
##.........
#..........
##....####P
##....#
#P....#
##....#
#....#
#.@..##
#.Y..P#
#3...##
#Y...#
#.5..#
#....#
#....#
#....#
#....#


You could see 2 yaks, a friendly neqoxec and a friendly iron imp.

Vanquished Creatures
  A two-headed ogre (D:8)
  2 ugly things
  A troll (D:10)
  A hornet (D:11)
  Grinder (D:5)
  A hippogriff (D:8)
  A wraith (Ossuary)
  3 hogs (D:11)
  A human (D:11)
  8 yaks
  A steam dragon (D:11)
  Edmund (D:6)
  17 soldier ants
  A water moccasin (Lair:1)
  A porcupine (Lair:1)
  4 ice beasts
  5 orc warriors
  4 sky beasts
  2 black bears
  5 ogres
  3 centaurs
  A necrophage (D:10)
  2 phantoms (D:5)
  3 crocodiles
  2 big kobolds
  A gnoll sergeant (D:11)
  4 bullfrogs
  A wyvern skeleton (D:10)
  6 killer bees (D:11)
  2 howler monkeys (D:11)
  4 crimson imps
  A bullfrog zombie (D:10)
  A centaur zombie (D:9)
  A jelly (D:10)
  5 hounds
  5 orc priests
  A centaur skeleton (D:6)
  A bullfrog skeleton (D:9)
  4 orc wizards
  5 iguanas
  22 worker ants
  A killer bee zombie (D:6)
  A worker ant zombie (D:10)
  6 gnolls
  16 adders
  A shadow imp (D:9)
  2 oozes
  5 worms
  2 dart slugs (D:1)
  3 leopard geckos
  29 orcs
  5 bats
  4 giant cockroaches
  A gnoll zombie (Ossuary)
  9 goblins
  11 hobgoblins
  10 jackals
  15 kobolds
  2 quokkas
  A ball python skeleton (D:4)
  6 frilled lizards
  2 goblin zombies (Ossuary)
  A hobgoblin zombie (Ossuary)
  2 kobold zombies (Ossuary)
  An orc zombie (Ossuary)
  A quokka zombie (D:8)
  7 rats
280 creatures vanquished.

Vanquished Creatures (collateral kills)
  A centaur warrior (D:11)
  A two-headed ogre (D:10)
  A queen ant (D:11)
  A centaur zombie (D:11)
  A troll (D:5)
  A hornet (D:11)
  A hippogriff (D:11)
  2 yaks
  3 soldier ants
  An orc warrior (D:9)
  An ice beast (D:5)
  An ogre (D:11)
  A centaur (D:10)
  A big kobold (D:9)
  2 orc wizards
  A howler monkey skeleton (D:10)
  6 orcs
  3 kobolds
29 creatures vanquished.

Grand Total: 309 creatures vanquished

Notes
Turn   | Place    | Note
-------+----------+-------------------------------------------
     0 | D:1      | torrenera the Demonspawn Fighter began the quest for the Orb.
     0 | D:1      | Reached XP level 1. HP: 18/18 MP: 1/1
    46 | D:1      | Reached skill level 2 in Long Blades
   420 | D:1      | Gained mutation: You have sharp toenails. [demonic ancestry]
   420 | D:1      | Reached XP level 2. HP: 22/24 MP: 2/2
   665 | D:1      | Reached skill level 3 in Long Blades
   935 | D:1      | Gained mutation: You are partially covered in iridescent scales. (AC +2) [demonic ancestry]
   935 | D:1      | Reached XP level 3. HP: 23/29 MP: 3/3
  1172 | D:2      | Reached XP level 4. HP: 18/35 MP: 4/4
  1478 | D:2      | Reached skill level 4 in Long Blades
  2383 | D:3      | Found a shattered altar of Ashenzari.
  2411 | D:3      | Reached XP level 5. HP: 35/41 MP: 5/5
  2615 | D:3      | Reached skill level 5 in Long Blades
  2946 | D:4      | Found a staircase to the Ecumenical Temple.
  2986 | D:4      | You fall through a shaft!
  2986 | D:5      | Entered Level 5 of the Dungeon
  2986 | D:5      | Found a burning altar of Makhleb.
  2986 | D:5      | Noticed an ogre
  2990 | D:5      | Noticed an ice beast
  2997 | D:5      | Noticed a phantom
  3123 | D:6      | Found a sand-covered staircase.
  3128 | Ossuary  | Entered an ossuary
  3128 | Ossuary  | Noticed a wraith
  3128 | Ossuary  | Noticed a wraith
  3128 | Ossuary  | Noticed a wraith
  3268 | Ossuary  | Noticed a wraith
  3283 | Ossuary  | Killed a wraith
  3283 | Ossuary  | Reached skill level 6 in Long Blades
  3283 | Ossuary  | Reached XP level 6. HP: 30/47 MP: 6/6
  3550 | D:5      | Became a worshipper of Makhleb the Destroyer
  3867 | D:5      | Reached skill level 7 in Long Blades
  3867 | D:5      | Gained mutation: You have razor-sharp toenails. [demonic ancestry]
  3867 | D:5      | Reached XP level 7. HP: 52/52 MP: 7/7
  4044 | D:5      | Found a stormy altar of Qazlal.
  4044 | D:5      | Found a basalt altar of Yredelemnul.
  4047 | D:5      | Found a bloodstained altar of Trog.
  4342 | D:5      | Noticed Grinder
  4389 | D:5      | Paralysed by Grinder for 2 turns
  4393 | D:5      | Killed Grinder
  4393 | D:5      | Reached skill level 8 in Long Blades
  4401 | D:5      | Gained mutation: A weak demonic guardian rushes to your aid. [demonic ancestry]
  4401 | D:5      | Reached XP level 8. HP: 37/60 MP: 8/8
  4691 | D:5      | Found a hide-covered altar of Uskayaw.
  4846 | D:6      | Found an opulent altar of Gozag.
  4846 | D:6      | Found a radiant altar of Vehumet.
  4846 | D:6      | Noticed a troll
  4853 | D:5      | Killed a troll
  4853 | D:5      | Reached skill level 5 in Fighting
  4853 | D:5      | Reached skill level 9 in Long Blades
  5223 | D:6      | Noticed Edmund
  5233 | D:6      | Killed Edmund
  5765 | D:7      | Found a sacrificial altar of Ru.
  5940 | D:7      | Found Utaegab's Assorted Antiques.
  5962 | D:7      | Bought a potion of curing for 96 gold pieces
  5962 | D:7      | Bought a potion of curing for 96 gold pieces
  6173 | D:7      | Found a radiant altar of Vehumet.
  6195 | D:7      | Reached * piety under Makhleb
  6201 | D:7      | Reached XP level 9. HP: 42/70 MP: 9/9
  6660 | D:8      | Reached skill level 10 in Long Blades
  6881 | D:8      | Noticed a two-headed ogre
  6915 | D:8      | Killed a two-headed ogre
  7190 | D:9      | Reached ** piety under Makhleb
  7493 | D:9      | Reached skill level 1 in Invocations
  7650 | D:9      | Gained mutation: You are mostly covered in iridescent scales. (AC +4) [demonic ancestry]
  7650 | D:9      | Reached XP level 10. HP: 63/82 MP: 13/13
  7651 | D:9      | Reached skill level 5 in Invocations
  8154 | D:10     | Entered Level 10 of the Dungeon
  8520 | D:10     | Noticed a two-headed ogre
  8581 | D:10     | Reached *** piety under Makhleb
  8584 | D:10     | Killed a two-headed ogre
  8584 | D:10     | Reached skill level 10 in Invocations
  9107 | D:11     | Noticed a centaur warrior
  9124 | D:11     | Killed a centaur warrior
  9124 | D:11     | Reached skill level 11 in Long Blades
  9484 | D:11     | Found a staircase to the Lair.
  9541 | D:11     | Reached **** piety under Makhleb
  9584 | D:11     | Gained mutation: You have claws for feet. [demonic ancestry]
  9584 | D:11     | Reached XP level 11. HP: 89/89 MP: 18/18
  9687 | D:11     | Noticed a queen ant
  9760 | D:11     | Noticed a red ugly thing
  9820 | D:11     | Noticed a purple ugly thing
  9857 | D:11     | Reached skill level 10 in Fighting
 10481 | D:10     | Killed a red ugly thing
 10661 | D:11     | Killed a queen ant
 11077 | D:11     | Reached skill level 12 in Long Blades
 11307 | D:11     | Killed a purple ugly thing
 11886 | Lair:1   | Entered Level 1 of the Lair of Beasts
 12021 | Lair:1   | Slain by a yak

Skill      XL: |  1  2  3  4  5  6  7  8  9 10 11 |
---------------+----------------------------------+-----
Long Blades    | 2 3 4 6 7 8 9 10 11 12 | 12.4
Fighting       | 4 6 8 9 11 | 11.0
Invocations    | 4 10 | 10.1
Armour         | 3 |  3.8
Shields        | |  2.6

Action                   |  1- 3 |  4- 6 |  7- 9 | 10-12 || total
-------------------------+-------+-------+-------+-------++-------
Melee: Long sword        |    71 |       |       |       ||    71
       Kick              |    17 |    36 |   117 |   264 ||   434
       Dagger            |    26 |   184 |   374 |   520 ||  1104
       Scimitar          |       |       |       |   135 ||   135
Throw: Javelin           |       |       |     3 |    17 ||    20
Invok: Lesser Servant of |       |       |       |     9 ||     9
 Abil: Evoke Berserk Rag |       |     1 |       |       ||     1
Evoke: Wand              |       |       |       |     1 ||     1
  Use: Scroll            |       |    11 |     3 |     4 ||    18
       Potion            |       |     1 |     2 |     5 ||     8
 Stab: Distracted        |       |       |       |     6 ||     6
  Eat: Chunk             |     1 |     9 |    13 |    14 ||    37
Armor: Scale mail        |    24 |    62 |   110 |   284 ||   480
       Ring mail         |       |       |    52 |       ||    52
Dodge: Dodged            |    23 |    28 |    89 |   124 ||   264
Block: Shield            |    57 |    77 |   154 |   272 ||   560
       Rpst.: Long sword |     7 |       |       |       ||     7
       Scimitar          |       |       |       |    11 ||    11
